 Dungeon Crawl Stone Soup version 0.30.1-3-gfc49f6343a (webtiles) character file.

Game seed: 3627053762907295197

7588 McKennaii the Destroyer (level 10, 0/69 HPs)
             Began as a Demigod Conjurer on Aug 1, 2023.
             Slain by a rust devil (12 damage)
             ... summoned by a kobold demonologist
             ... on level 9 of the Dungeon.
             The game lasted 00:11:02 (11852 turns).

McKennaii the Destroyer (Demigod Conjurer)         Turns: 11852, Time: 00:11:03

Health: 0/69       AC: -5    Str: 10    XL:     10   Next: 65%
Magic:  1/28       EV: 12    Int: 32    God:
Gold:   361        SH:  0    Dex: 18    Spells: 22/29 levels left

rFire   + + .        O - +11 long sword "Wiman" {flame, rC+ Str+2}
rCold   + . .        (no shield)
rNeg    . . .        a - +2 robe {rF+}
rPois   .            k - +0 helmet
rElec   .            z - +0 cloak
rCorr   .            D - +0 pair of gloves
SInv    .            (no boots)
Will    +....        (no amulet)
Stlth   ++           N - ring of Kyabuopn {rF+ Slay+3}
HPRegen 0.31/turn    M - +6 ring of dexterity
MPRegen 0.21/turn

%: no passive effects
@: spiked, corroded
A: high MP 1, forlorn, divine attributes
a: no special abilities


You were on level 9 of the Dungeon.
You visited 1 branch of the dungeon, and saw 9 of its levels.

You collected 413 gold pieces.
You spent 52 gold pieces at shops.

Inventory:

Hand Weapons
 O - the +11 long sword "Wiman" (weapon) {flame, rC+ Str+2}
   (You found it on level 9 of the Dungeon)

   Str:       It affects your strength (+2).
   rC:        It protects you from cold.
Missiles
 L - a throwing net
Armour
 a - a +2 robe of fire resistance (worn)
 k - a +0 helmet (worn)
 z - a +0 cloak (worn)
 D - a +0 pair of gloves (worn)
Jewellery
 f - a +6 ring of strength
 M - a +6 ring of dexterity (right hand)
 N - the ring of Kyabuopn (left hand) {rF+ Slay+3}
   (You found it on level 8 of the Dungeon)

   [ring of protection from fire]

   Slay:      It affects your accuracy & damage with ranged weapons and melee
   (+3).
   rF:        It protects you from fire.
Wands
 r - a wand of digging (5)
 s - a wand of flame (25)
Scrolls
 c - 11 scrolls of identify {unknown}
 d - 2 scrolls of fear {unknown}
 l - a scroll of torment {unknown}
 m - 2 scrolls of enchant armour {unknown}
 p - 3 scrolls of teleportation
 q - a scroll of blinking {unknown}
 v - a scroll of fog {unknown}
 w - 4 scrolls of acquirement {unknown}
 y - 4 scrolls of immolation {unknown}
 A - a scroll of enchant weapon {unknown}
 C - a scroll of vulnerability {unknown}
 E - 2 scrolls of silence {unknown}
 F - a scroll of amnesia {unknown}
 G - a scroll of magic mapping {unknown}
 I - a scroll of butterflies {unknown}
 J - a scroll of brand weapon {unknown}
Potions
 b - a potion of magic
 e - 4 potions of degeneration {unknown}
 g - 2 potions of berserk rage {unknown}
 h - a potion of might {unknown}
 i - a potion of ambrosia {unknown}
 j - a potion of resistance {unknown}
 n - 3 potions of heal wounds {unknown}
 o - a potion of invisibility {unknown}
 t - 6 potions of curing {unknown}
 u - 2 potions of attraction {unknown}
 x - a potion of cancellation {unknown}
 B - a potion of lignification {unknown}
 H - a potion of mutation {unknown}
 K - 2 potions of flight {unknown}


   Skills:
 - Level 1.7 Dodging
 - Level 1.7 Stealth
 + Level 10.3 Spellcasting
 + Level 11.6 Conjurations


You had 22 spell levels left.
You knew the following spells:

 Your Spells              Type           Power      Damage    Failure   Level
a - Magic Dart            Conj           100%       1d8       1%          1
b - Searing Ray           Conj           100%       2d8       1%          2
c - Iskenderun's Mystic   Conj/Tloc      52%        2d11      2%          4

Your spell library contained the following spells:

 Spells                   Type           Power      Damage    Failure   Level
 Momentum Strike          Conj/Tloc      100%       3d10      1%          2
 Dazzling Flash           Conj/Hex       100%       N/A       1%          3
 Fulminant Prism          Conj/Hex       26%        3d14      2%          4
 Blink                    Tloc           32%        N/A       4%          2
 Lesser Beckoning         Tloc           32%        N/A       4%          2
 Ozocubu's Armour         Ice            16%        N/A       9%          3
 Ozocubu's Refrigeration  Ice            8%         4d9       100%        7


Dungeon Overview and Level Annotations

Branches:
Dungeon (9/15)             Temple (0/1) D:5            Lair (0/5) D:8
    Orc: D:9-12

Shops:
D:2 ?   D:4 *   D:7 [


Innate Abilities, Weirdness & Mutations

You have an increased reservoir of magic. (+10% MP)
You shall have no god before yourself.
Your divine heritage dramatically boosts your attributes as you level up.


Message History

The ufetubus closely misses you. The ufetubus barely misses you.
The ynoxinul gestures.
Unknown command.
The searing ray hits the ynoxinul!
You kill the ynoxinul!
The ynoxinul disappears in a puff of smoke!
The ufetubus disappears in a puff of smoke! x4
The searing ray hits the kobold demonologist.
The kobold demonologist is almost dead.
You finish channelling your searing ray.
The kobold demonologist gestures wildly while chanting.
The rust devil barely misses you.
The red devil hits you from afar with a +0 trident of protection!
* * * LOW HITPOINT WARNING * * *
Barbed spikes become lodged in your body.
Unknown command.
Unknown command.
Unknown command.
Casting: Searing Ray (safe; 1% risk of failure)
Confirm with . or Enter, or press ? or * to list all spells.
Aiming: Searing Ray (safe; 1% risk of failure)
Press: ? - help, Shift-Dir - straight line, f/p - kobold demonologist
Aim: a kobold demonologist, wielding a +0 dagger of holy wrath and wearing a +0 robe (almost dead, 76% to hit)
The searing ray hits the kobold demonologist.
The kobold demonologist is almost dead. (Press . to maintain the ray.)
The kobold demonologist looks braver for a moment.
The red devil completely misses you. The rust devil misses you.
Unknown command.
Unknown command.
Okay, then.
The barbs in your skin will harm you if you move.
Continue?
Okay, then.
Okay, then.
Aiming: Throw Flame
Press: ? - help, Shift-Dir - straight line, f/p - kobold demonologist
Aim: a kobold demonologist, wielding a +0 dagger of holy wrath and wearing a +0 robe (almost dead, 56% to hit)
The puff of flame misses the kobold demonologist.
The rust devil hits you!
You die...

..........# #....#####..#...>#.
o########.# #....'...#..#....#.
.(.)....#.# #....'...#..#....#.
.#......'.#####....#...#..######.
.#).....#..........#...#......>..
.#......#......§...#####.........
.#......#......4.................
.#....###......4)................
)###### .....gK@.[..............
.. ........................ ...
......4...........P..... ~~~C
.~~≈~~~§~~~≈~~~~~~≈~.... ≈≈≈≈≈
.~≈≈≈≈≈≈≈≈≈≈≈≈≈≈≈≈≈~.... ≈~≈~≈~
.≈~~~≈~~~~≈~~#####≈~... .......
.............# oo '#############


You could see a rust devil (summoned), a kobold demonologist, a chaos spawn
(summoned), a red devil (summoned) and a gnoll bouda.

Vanquished Creatures
  2 two-headed ogres (D:9)
  Pikel (D:6)
  A cyclops (D:9)
  A troll (D:9)
  A hornet (D:9)
  Prince Ribbit (D:6)
  Grinder (D:4)
  Sigmund (D:3)
  A yak (D:8)
  A wyvern (D:8)
  A steam dragon (D:7)
  A warg (D:9)
  Menkaure (D:7)
  2 water moccasins
  A hell hound (D:9)
  An ice beast (D:8)
  2 sky beasts
  2 orc warriors (D:9)
  3 black bears
  An ogre (D:5)
  A centaur (D:9)
  A lemure (D:6)
  A phantom (D:5)
  4 bullfrogs
  2 gnoll sergeants
  A scorpion (D:5)
  7 wights
  9 killer bees
  5 howler monkeys
  2 electric eels (D:6)
  5 hounds
  Crazy Yiuf (D:3)
  10 orc priests
  2 sleepcaps
  2 gnoll boudas (D:8)
  Jessica (D:3)
  8 iguanas
  Terence (D:2)
  6 orc wizards
  Robin (D:1)
  12 gnolls
  7 adders
  2 ufetubi
  2 dart slugs
  27 orcs
  8 bats
  6 endoplasms
  4 giant cockroaches
  14 goblins
  7 hobgoblins
  9 jackals (D:4)
  2 quokkas
  10 ball pythons
  4 frilled lizards
  7 kobolds
  4 rats
221 creatures vanquished.

Notes
Turn   | Place    | Note
-------+----------+-------------------------------------------
     0 | D:1      | McKennaii the Demigod Conjurer began the quest for the Orb.
     0 | D:1      | Reached XP level 1. HP: 14/14 MP: 5/5
     9 | D:1      | Noticed a centaur
   554 | D:1      | Reached XP level 2. HP: 20/20 MP: 3/7
   557 | D:1      | Learned a level 2 spell: Searing Ray
   801 | D:1      | Reached skill level 4 in Conjurations
  1408 | D:2      | Reached XP level 3. HP: 26/26 MP: 4/9
  1418 | D:2      | Noticed Robin
  1538 | D:1      | Killed Robin
  1646 | D:2      | Identified the +0 leather armour of Weirdness {Str+4}
  1882 | D:2      | Found Gehumn's Magic Scroll Shop.
  1910 | D:2      | Bought a scroll of teleportation for 39 gold pieces
  1910 | D:2      | Bought a scroll of noise for 13 gold pieces
  2113 | D:2      | Noticed Terence
  2127 | D:2      | Killed Terence
  2128 | D:2      | Reached XP level 4. HP: 33/33 MP: 3/11
  2704 | D:3      | Found a runed translucent door.
  2705 | D:3      | Noticed Crazy Yiuf
  2739 | D:3      | Noticed Jessica
  2745 | D:3      | Killed Jessica
  2746 | D:3      | Reached XP level 5. HP: 29/38 MP: 5/13
  2814 | D:3      | Noticed Sigmund
  2819 | D:3      | Killed Sigmund
  2820 | D:3      | Reached skill level 5 in Conjurations
  2820 | D:3      | Reached XP level 6. HP: 37/45 MP: 7/15
  3710 | D:3      | Killed Crazy Yiuf
  3827 | D:4      | Reached skill level 6 in Conjurations
  4182 | D:4      | Found Xigu's General Store.
  4417 | D:4      | Reached XP level 7. HP: 50/50 MP: 12/17
  4424 | D:4      | Reached skill level 5 in Spellcasting
  4700 | D:4      | Noticed Grinder
  4709 | D:4      | Killed Grinder
  5069 | D:4      | Reached skill level 7 in Conjurations
  5216 | D:5      | Entered Level 5 of the Dungeon
  5623 | D:5      | Reached XP level 8. HP: 45/57 MP: 11/20
  5628 | D:5      | Learned a level 4 spell: Iskenderun's Mystic Blast
  6004 | D:5      | Found a staircase to the Ecumenical Temple.
  6412 | D:6      | Reached skill level 8 in Conjurations
  6665 | D:6      | Noticed Pikel
  6700 | D:6      | Killed Pikel
  6850 | D:6      | Noticed Prince Ribbit
  6862 | D:6      | Killed Prince Ribbit
  6863 | D:6      | Reached XP level 9. HP: 62/62 MP: 9/24
  7030 | D:6      | Reached skill level 9 in Conjurations
  8125 | D:7      | Identified the +1 ring mail "Meidila" {SInv}
  8190 | D:7      | Noticed Menkaure
  8198 | D:7      | Killed Menkaure
  8497 | D:7      | Reached skill level 10 in Conjurations
  8701 | D:7      | Found Durraerph's Armour Emporium.
 10139 | D:8      | Found a staircase to the Lair.
 10213 | D:8      | Reached XP level 10. HP: 62/69 MP: 14/27
 10364 | D:8      | Identified the ring of Kyabuopn {rF+ Slay+3}
 10604 | D:9      | Paralysed by a hornet for 3 turns
 11276 | D:9      | Noticed a cyclops
 11340 | D:9      | Reached skill level 11 in Conjurations
 11509 | D:9      | Identified the +11 long sword "Wiman" {flame, rC+ Str+2}
 11651 | D:9      | Noticed a two-headed ogre
 11653 | D:9      | Killed a cyclops
 11662 | D:9      | Killed a two-headed ogre
 11663 | D:9      | Reached skill level 10 in Spellcasting
 11773 | D:9      | Noticed a two-headed ogre
 11790 | D:9      | Killed a two-headed ogre
 11846 | D:9      | Noticed a rust devil
 11852 | D:9      | Slain by a rust devil

Illustrated notes

Levels and vault maps discovered:
D:1:      evilmike_arrival_come_back, layout_loops_ring,
          shapermc_ecumenical_altar_mp_ritualfount
D:2:      layout_basic, serial_shops, shop, uniq_terence, uniq_robin
D:3:      layout_loops_corners, minmay_misc_feat_roman, serial_bayou_crossing,
          uniq_sigmund, uniq_crazy_yiuf_cottage, uniq_jessica
D:4:      layout_loops_corners, serial_shops, nicolae_shop_hallway_plus,
          reono_crystal_passage, uniq_grinder
D:5:      layout_cave_pods, minmay_temple_entry_antechambers
D:6:      minmay_angry_zag, layout_basic, minmay_crystal_water, uniq_pikel,
          uniq_prince_ribbit1
D:7:      layout_basic, serial_shops, nicolae_shop_hallway_plus, uniq_menkaure
D:8:      layout_basic, gammafunk_temple_overflow_statue, david_lair_generic,
          chequers_serial_rivers_micro_b
D:9:      lemuel_castle_with_subvaults [lemuel_castle_interior_carwin_2],
          layout_irregular_city

Skill      XL: |  1  2  3  4  5  6  7  8  9 10 |
---------------+-------------------------------+-----
Spellcasting   | 2 3 4 6 7 9 10 | 10.3
Conjurations   | 4 5 6 7 8 10 11 | 11.6
Dodging        | |  1.7
Stealth        | |  1.7

Action                     |  1- 3 |  4- 6 |  7- 9 | 10-12 || total
---------------------------+-------+-------+-------+-------++-------
  Melee: Unarmed           |     8 |       |       |       ||     8
         Short sword       |     3 |     6 |    15 |       ||    24
   Cast: Magic Dart        |   106 |    63 |   213 |    44 ||   426
         Searing Ray       |     1 |    10 |    60 |    24 ||    95
         Iskenderun's Myst |       |       |     5 |    18 ||    23
  Evoke: Wand              |       |       |       |     1 ||     1
 Armour: Robe              |     5 |       |    45 |    10 ||    60
         Leather armour    |       |     8 |       |       ||     8
  Dodge: Dodged            |    26 |     4 |    74 |    42 ||   146
